 Dungeon Crawl Stone Soup version 0.16-a0-4005-g3d13fd6 (webtiles) character file.

191910 motorbit the Scorcher (level 18, -1/85 HPs)
             Began as a Gargoyle Conjurer on Feb 16, 2015.
             Was the Champion of Vehumet.
             Slain by a naga warrior
             ... wielding a +0 flail
              (14 damage)
             ... on level 4 of the Snake Pit.
             The game lasted 02:54:49 (42867 turns).

motorbit the Scorcher (Gargoyle Conjurer)          Turns: 42867, Time: 02:54:49

Health: -1/85      AC: 37    Str: 15    XL:     18   Next: 66%
Magic:  1/53       EV: 10    Int: 29    God:    Vehumet [******]
Gold:   2828       SH:  0    Dex: 16    Spells: 10 memorised, 8 levels left

rFire  + + +     SeeInvis .     v - +9 mace of Cheibriados' Vengeance {crush, Str+3} (curse)
rCold  + . .     Clarity  .     G - +8 scale mail of Dishonour {MP+9 Str-4 Int+3 Slay+3}
rNeg   + . .     SustAb   .     (no shield)
rPois  ∞         Gourm    .     M - +2 hat {Int+3}
rElec  +         Spirit   .     O - +0 cloak
rCorr  +         Warding  .     a - +1 pair of gloves
rMut   .         Stasis   .     g - -1 pair of boots of Anaesthesia {MR+ Str+3 Dex+4} (curse)
MR     ++++.                    d - amulet of Oenomania {rCorr rF++ MR+ Str-5 Dex+2}
Stlth  +.........               V - ring of Arrival {MR+ AC+3 Str+3}
                                c - ring of Zubloumni {rF+ rC+ MP+9 Str+2}

@: flying, very slightly contaminated, incredibly resistant to hostile
enchantments, very unstealthy
A: able to fly continuously, big wings, negative energy resistance 1,
electricity resistance, unbreathing, petrification resistance, rot immunity, AC
+13
a: Stop Flying, Renounce Religion


You were on level 4 of the Snake Pit.
You worshipped Vehumet.
Vehumet was exalted by your worship.
You were hungry.

You visited 6 branches of the dungeon, and saw 36 of its levels.

You collected 3478 gold pieces.
You spent 650 gold pieces at shops.


Innate Abilities, Weirdness & Mutations

You are resistant to torment.
You are immune to poison.
You can fly continuously.
Your stone body is very resilient (AC +13).
Your wings are large and strong.
You resist negative energy.
You are resistant to electric shocks.
You can survive without breathing.
You are immune to petrification.
You are immune to rotting.


   Skills:
 - Level 6.3 Armour
 - Level 1.5 Dodging
 - Level 2.1 Stealth
 + Level 16.1 Spellcasting
 + Level 17.0 Conjurations
 - Level 11.5 Charms
 * Level 17.2 Fire Magic
 - Level 5.5 Poison Magic


You had 8 spell levels left.
You knew the following spells:

 Your Spells              Type           Power        Failure   Level  Hunger
a - Iskenderun's Battles  Conj/Chrm      #######.     1%          5    None
f - Fireball              Conj/Fire      #######...   1%          5    None
o - Olgreb's Toxic Radia  Pois           ######..     2%          4    None
r - Ring of Flames        Chrm/Fire      #######...   21%         7    #####..
t - Bolt of Fire          Conj/Fire      #######...   1%          6    ###....
y - Lee's Rapid Deconstr  Erth           ###.......   69%         5    None
z - Magic Dart            Conj           ####         0%          1    None
D - Repel Missiles        Chrm/Air       ######       1%          2    None
H - Swiftness             Chrm/Air       ######..     1%          2    None
Z - Iskenderun's Mystic   Conj           #######.     1%          4    None

Inventory:

Hand weapons
 v - the cursed +9 mace of Cheibriados' Vengeance (weapon) {crush, Str+3}
   (You found it on level 4 of the Dungeon)

   It inflicts extra damage upon your enemies.
   It affects your strength (+3).
   It has a curse placed upon it.
Missiles
 e - 3 throwing nets {=f}
Armour
 a - a +1 pair of gloves (worn)
 g - the cursed -1 pair of boots of Anaesthesia (worn) {MR+ Str+3 Dex+4}
   (You found it on level 1 of the Lair of Beasts)

   It affects your strength (+3).
   It affects your dexterity (+4).
   It affects your resistance to hostile enchantments.
   It has a curse placed upon it.
 G - the +8 scale mail of Dishonour (worn) {MP+9 Str-4 Int+3 Slay+3}
   (You took it off a kobold on level 7 of the Dungeon)

   It affects your strength (-4).
   It affects your intelligence (+3).
   It affects your accuracy and damage with ranged weapons and melee attacks
   (+3).
   It affects your magic capacity (+9).
 M - a +2 hat of intelligence (worn)
 O - a +0 cloak (worn)
 Z - a +1 shield of positive energy
Jewellery
 c - the ring of Zubloumni (left hand) {rF+ rC+ MP+9 Str+2}
   (You bought it in a shop on level 4 of the Dungeon)

   [ring of protection from fire]

   It affects your strength (+2).
   It protects you from fire.
   It protects you from cold.
   It affects your magic capacity (+9).
 d - the amulet of Oenomania (around neck) {rCorr rF++ MR+ Str-5 Dex+2}
   (You found it on level 13 of the Dungeon)

   [amulet of resist corrosion]

   It protects you from acid and corrosion.
   It affects your strength (-5).
   It affects your dexterity (+2).
   It greatly protects you from fire.
   It affects your resistance to hostile enchantments.
 h - a ring of positive energy
 y - a +4 ring of intelligence
 S - a ring of fire {unknown}
 V - the ring of Arrival (right hand) {MR+ AC+3 Str+3}
   (You found it on level 8 of the Lair of Beasts)

   [ring of protection]

   It affects your AC (+3).
   It affects your strength (+3).
   It affects your resistance to hostile enchantments.
Magical devices
 J - a wand of disintegration (6)
 N - a wand of cold (6)
 P - a wand of invisibility (3)
 Q - a wand of magic darts (22)
Scrolls
 m - 3 scrolls of blinking
 q - 10 scrolls of identify {@r1}
 u - 3 scrolls of recharging
 x - 14 scrolls of remove curse
 z - a scroll of enchant weapon
 A - a scroll of magic mapping
 B - 5 scrolls of enchant armour
 D - 17 scrolls of teleportation {@r4}
 F - 8 scrolls of immolation {!r}
 I - 2 scrolls of summoning
 L - 5 scrolls of fog
 T - 3 scrolls of fear
Potions
 f - 3 potions of might
 j - 7 potions of agility
 k - a potion of restore abilities
 l - 12 potions of curing {@q1}
 o - 8 potions of heal wounds {@q2}
 r - 4 potions of berserk rage {!q}
 s - 3 potions of cancellation
 t - 4 potions of brilliance
 E - 2 potions of resistance
 H - a potion of invisibility
 U - 2 potions of magic
 W - 3 potions of ambrosia {!q}
 Y - 2 potions of cure mutation
Books
 C - a book of Fire
 X - an Akashic Record
Comestibles
 b - 21 bread rations
 i - a slice of pizza
 n - 21 beef jerkies
 w - 12 meat rations
 K - 10 royal jellies
 R - 3 fruits

Dungeon Overview and Level Annotations

Branches:
Dungeon (15/15)            Temple (1/1) D:7            Lair (8/8) D:8
 Shoals (4/5) Lair:4        Snake (4/5) Lair:4        Slime (0/6) Lair:7
    Orc (4/4) D:10            Elf (0/3) Orc:3        Vaults (0/5) D:14
 Depths (0/5) D:15

Altars:
Cheibriados
Dithmenos
Elyvilon
Fedhas
Gozag
Kikubaaqudgha
Makhleb
Nemelex Xobeh
Okawaru
Qazlal
Ru
Sif Muna
Trog
Vehumet
Xom
Yredelemnul
Zin
The Shining One
Beogh

Shops:
D:4 =   Orc:4 [(!:   Shoals:3 %

Portals:
Ice
Cave: Snake:4

Annotations:
D:9 3 runed doors, exclusion: orange crystal statue
Snake:4 Vashnia

***,,,,* *,,.### *,* *,,,****
*##...# *,* *,,,,.,* #....#
*,* *,.....* #....# *,*
*#.#...#* ##....#♣##,,
*#..#...*##* ##....%...#*,
*#..##......#####.†....#*,,**
*(.#**#.......#.<††...}#*,,,*
###.#*
#.....8N..########**,,* #.<.#
#..∩.....##*,,,*****,>,
#(.)#*
#...........,,,,,,**,,*
*#....#
#......####...,,,**,,,*
*(.##)#* ###.#.##
**##*,,**,,**
#.#..N.****#...* **,,,,**
*#N##....,,,...#* *,*****
,#N**)....**...* *,***,*
,NN,,....,**,,,* *,,,,,**


You could see a naga warrior.


Message History

Aim: a naga warrior, wielding a flail and wearing a robe The magic dart hits the naga warrior.
The naga warrior is lightly wounded.
Your battlesphere fires!
The barrage of energy hits the naga warrior.
The naga warrior is lightly wounded.
Aiming: Magic Dart
Aim: a naga warrior, wielding a flail and wearing a robe (lightly wounded)
The magic dart hits the naga warrior.
The naga warrior is lightly wounded.
Your battlesphere fires!
The barrage of energy hits the naga warrior.
The naga warrior is moderately wounded.
Aiming: Magic Dart
Aim: a naga warrior, wielding a flail and wearing a robe (moderately wounded)
The magic dart hits the naga warrior.
The naga warrior is moderately wounded.
Your battlesphere fires!
The barrage of energy hits the naga warrior.
The naga warrior is heavily wounded.
The naga warrior barely misses you. The naga warrior misses you.
Aiming: Magic Dart
Aim: a naga warrior, wielding a flail and wearing a robe (heavily wounded)
The magic dart hits the naga warrior.
The naga warrior is heavily wounded.
Your battlesphere fires!
The barrage of energy hits the naga warrior.
The naga warrior is severely wounded.
The naga warrior hits you with a flail!
You die...

Action                   |  1- 3 |  4- 6 |  7- 9 | 10-12 | 13-15 | 16-18 || total
-------------------------+-------+-------+-------+-------+-------+-------++-------
Melee: Unarmed           |    11 |       |       |       |       |       ||    11
       Club              |    41 |     1 |       |       |       |       ||    42
       Long sword        |       |    56 |     4 |       |       |       ||    60
       Mace              |       |       |   205 |   234 |   205 |   145 ||   789
 Cast: Magic Dart        |    67 |   104 |    76 |   180 |   417 |   202 ||  1046
       Iskenderun's Myst |       |    13 |    69 |   130 |   124 |    82 ||   418
       Iskenderun's Batt |       |       |     1 |    40 |   157 |   106 ||   304
       Olgreb's Toxic Ra |       |       |       |     1 |    70 |    15 ||    86
       Bolt of Fire      |       |       |       |       |   161 |   309 ||   470
       Ignite Poison     |       |       |       |       |    19 |     6 ||    25
       Fireball          |       |       |       |       |     2 |    11 ||    13
       Repel Missiles    |       |       |       |       |     2 |       ||     2
       Swiftness         |       |       |       |       |       |     3 ||     3
 Abil: Fly               |       |       |       |       |     1 |       ||     1
Evoke: Wand              |       |       |       |       |     1 |     1 ||     2
  Use: Scroll            |     3 |     7 |     7 |    11 |    18 |     4 ||    50
       Potion            |       |     2 |     2 |     1 |       |     2 ||     7
 Stab: Sleeping          |       |     1 |     1 |       |       |       ||     2
  Eat: Chunk             |     1 |     9 |    15 |    27 |    73 |    57 ||   182
       Royal jelly       |       |     1 |       |       |       |       ||     1
       Pizza             |       |     1 |     1 |     1 |     1 |     2 ||     6
       Fruit             |       |       |     8 |       |     4 |       ||    12
       Meat ration       |       |       |     1 |     1 |       |     2 ||     4
       Beef jerky        |       |       |       |       |     1 |     1 ||     2

Vault maps used:
D:1:      dpeg_arrival_chambers_temple_mockup, st_stairs_8
D:2:      nemelex_altar_shiori, serial_corexii_hall, corexii_hall_statues_u,
          corexii_hall_statues_i, minmay_cut_off
D:3:      bloody_trog, lemuel_doored_altar, first_bread, uniq_iyjb, uniq_sigmund
D:4:      nicolae_overflow_crystal_walls, lemuel_blue_sif_altar, serial_shops,
          kennysheep_mini
D:5:      okawaru_trees_1, nicolae_dithmenos_shadow_blocks
D:6:      serial_glass, glass_columns_a, glass_columns_c, glass_columns_a,
          glass_columns_b, glass_columns_b, glass_columns_b
D:7:      nicolae_ru_awakened_eye, minmay_temple_entry_from_below_a,
          uniq_eustachio, uniq_menkaure
D:8:      dpeg_oklobed_lair, serial_co_window_serial, co_window_paths_b,
          co_window_paths_a, co_window_of_opportunity_a, co_window_corner_a,
          co_window_corner_a, co_window_cross_4, co_window_corner_cb,
          co_window_broadway_b, co_window_broadway_a,
          co_window_of_opportunity_c, co_window_2corner, co_window_paths_d,
          glass_columns_a, glass_columns_c, glass_columns_b, glass_columns_b
D:9:      minmay_statue_crystal_thing
D:10:     david_orc_4, david_nohive_1, uniq_erica
D:12:     jmf_multi_god_temple2
D:13:     uniq_harold
D:14:     lightli_vaults_fourway_checkpoint, old_standard_altar, st_stairs_9
D:15:     grunt_enter_depths_giant_problem, hangedman_abyss_or_decor_stagger,
          solitary_fountain
Temple:   zaba_magenta_temple_12
Lair:1:   dpeg_oklob_gauntlet, baited_tele_trap, uniq_gastronok
Lair:2:   beast_lair_carwin_large_3
Lair:3:   uniq_maud
Lair:4:   minmay_shoals_entry_hut, guppyfry_snake_entry_garden, serial_forest,
          infiniplex_forest_lined_room_2, infiniplex_forest_clump_medium,
          infiniplex_forest_end_double, infiniplex_forest_straight_3,
          infiniplex_forest_zigzag_2, infiniplex_forest_side_room,
          infiniplex_forest_end_1, st_stairs_10, infiniplex_staircase_pool_2
Lair:6:   nicolae_swamp_entry_splash_gauntlet, basic_altar,
          serial_bayou_shore_a, infiniplex_staircase_pool, lemuel_fruit_fields,
          serial_bayou_shore_b, uniq_rupert, uniq_fannar
Lair:7:   slime_dummy, serial_bayou_lagoon_a
Lair:8:   hangedman_lair_caniforms_friends, serial_bayou_ford_a,
          minmay_lindwurm_lava
Shoals:1: ldierk_geyser
Shoals:2: uniq_wiglaf
Shoals:3: serial_shops, shop, uniq_aizul
Shoals:4: uniq_kirke
Snake:1:  grunt_ministairs_8
Snake:2:  grunt_megastairs_3
Snake:3:  kennysheep_snake, basic_altar
Snake:4:  portal_ice_cave_entry_imps, serial_shops, shop, grunt_ministairs_8,
          serial_bayou_shore_b, uniq_mara, uniq_nikola, uniq_vashnia
Orc:2:    basic_altar, abandoned_shop
Orc:3:    nicolae_orc_pool_cavern, uniq_donald
Orc:4:    grunt_orc_community_town_hall, grunt_orc_community_big_house_2,
          grunt_orc_community_big_house_2, grunt_orc_community_house_1,
          grunt_orc_community_house_1, grunt_orc_community_house_3,
          grunt_orc_community_house_3, grunt_orc_community_house_3,
          grunt_orc_community_house_2

Notes
Turn   | Place    | Note
--------------------------------------------------------------
     0 | D:1      | motorbit, the Gargoyle Conjurer, began the quest for the Orb.
     0 | D:1      | Reached XP level 1. HP: 10/10 MP: 3/3
   325 | D:1      | Reached XP level 2. HP: 15/15 MP: 1/4
   843 | D:1      | Reached XP level 3. HP: 17/19 MP: 6/6
  1048 | D:1      | Reached skill level 5 in Conjurations
  1331 | D:2      | Reached skill level 3 in Spellcasting
  1435 | D:2      | Reached XP level 4. HP: 24/24 MP: 3/9
  1700 | D:2      | Found a sparkling altar of Nemelex Xobeh.
  2169 | D:3      | Learned a level 4 spell: Iskenderun's Mystic Blast
  2479 | D:3      | Noticed Ijyb
  2486 | D:3      | Killed Ijyb
  2486 | D:3      | Reached XP level 5. HP: 28/28 MP: 3/11
  2493 | D:3      | HP: 2/28 [orc priest/nerve-wracking pain (8)]
  2503 | D:3      | Reached skill level 6 in Conjurations
  2782 | D:3      | Noticed Sigmund
  3091 | D:3      | Found a bloodstained altar of Trog.
  3263 | D:3      | Learned a level 5 spell: Iskenderun's Battlesphere
  3431 | D:3      | Killed Sigmund
  3431 | D:3      | Reached skill level 4 in Spellcasting
  3431 | D:3      | Reached skill level 1 in Charms
  3431 | D:3      | Reached XP level 6. HP: 24/32 MP: 4/15
  3469 | D:3      | Found a blossoming altar of Fedhas.
  3809 | D:4      | Reached skill level 2 in Charms
  3934 | D:4      | Found a burning altar of Makhleb.
  4224 | D:4      | Reached XP level 7. HP: 33/36 MP: 17/17
  4233 | D:4      | Reached skill level 3 in Charms
  4355 | D:4      | Got a jewelled mace
  4356 | D:4      | Identified the +9 mace of Cheibriados' Vengeance {crush, Str+3} (You found it on level 4 of the Dungeon)
  4396 | D:4      | Found Biosoar's Jewellery Shop.
  4838 | D:4      | Found a deep blue altar of Sif Muna.
  4881 | D:5      | Entered Level 5 of the Dungeon
  4907 | D:5      | Reached skill level 4 in Charms
  5103 | D:5      | Found an iron altar of Okawaru.
  5415 | D:5      | Learned a level 2 spell: Swiftness
  5444 | D:5      | Found a shadowy altar of Dithmenos.
  5468 | D:5      | Reached skill level 5 in Spellcasting
  5468 | D:5      | Reached skill level 5 in Charms
  5468 | D:5      | Reached XP level 8. HP: 33/41 MP: 20/20
  6465 | D:6      | Reached skill level 6 in Charms
  7391 | D:7      | Noticed Menkaure
  7664 | D:7      | Killed Menkaure
  7664 | D:7      | Reached skill level 6 in Spellcasting
  7664 | D:7      | Reached skill level 7 in Conjurations
  7783 | D:7      | Reached XP level 9. HP: 34/45 MP: 18/22
  7787 | D:7      | Noticed Eustachio
  7814 | D:7      | Killed Eustachio
  8070 | D:7      | Found a sacrificial altar of Ru.
  8099 | D:7      | Reached skill level 7 in Charms
  8167 | D:7      | HP: 4/45 [goliath beetle (17)]
  8189 | D:7      | HP: 4/45 [kobold/stone (1)]
  8196 | D:7      | HP: 3/45 [kobold/short sword (2)]
  8604 | D:7      | Got a distressingly furry scale mail
  8620 | D:7      | Identified the +8 scale mail of Dishonour {MP+9 Str-4 Int+3 Slay+3} (You took it off a kobold on level 7 of the Dungeon)
  8765 | D:7      | Found a staircase to the Ecumenical Temple.
  8912 | D:7      | Reached skill level 8 in Conjurations
  9028 | D:7      | Reached skill level 7 in Spellcasting
  9771 | D:8      | Reached XP level 10. HP: 50/50 MP: 25/25
  9799 | D:8      | Reached skill level 9 in Conjurations
  9799 | D:8      | Reached skill level 8 in Charms
  9813 | D:8      | Found a staircase to the Lair.
  9965 | D:8      | Noticed a wandering mushroom
 10056 | D:8      | Killed a wandering mushroom
 10550 | Temple   | Entered the Ecumenical Temple
 10564 | Temple   | Became a worshipper of Vehumet
 10611 | D:8      | Reached skill level 8 in Spellcasting
 11256 | D:4      | Bought the ring of Zubloumni {rF+ rC+ MP+9 Str+2} for 432 gold pieces
 11511 | D:9      | Found a runed door.
 11618 | D:9      | Found a runed door.
 11769 | D:9      | Found a runed door.
 11814 | D:9      | Found a runed door.
 11937 | D:9      | Acquired Vehumet's first power
 11937 | D:9      | Offered knowledge of Freeze by Vehumet.
 12457 | D:9      | Killed an unseen horror
 12457 | D:9      | Reached skill level 9 in Spellcasting
 12457 | D:9      | Reached skill level 10 in Conjurations
 12616 | D:9      | Identified a scroll of acquirement
 12628 | D:9      | Learned a level 4 spell: Olgreb's Toxic Radiance
 12654 | D:10     | Entered Level 10 of the Dungeon
 12770 | D:10     | Reached skill level 1 in Armour
 12770 | D:10     | Reached skill level 9 in Charms
 12770 | D:10     | Reached skill level 1 in Poison Magic
 12831 | D:10     | Noticed a hill giant
 12835 | D:10     | Reached XP level 11. HP: 51/54 MP: 28/28
 12839 | D:10     | Killed a hill giant
 12839 | D:10     | Reached skill level 2 in Armour
 12839 | D:10     | Reached skill level 2 in Poison Magic
 13012 | D:10     | Noticed Erica
 13017 | D:10     | Killed Erica
 13197 | D:10     | Offered knowledge of Sandblast by Vehumet.
 13271 | D:10     | Reached skill level 3 in Armour
 13279 | D:10     | Reached skill level 3 in Poison Magic
 13378 | D:10     | Noticed a hill giant
 13384 | D:10     | Killed a hill giant
 13702 | D:10     | Found a staircase to the Orcish Mines.
 14086 | D:11     | Noticed a hill giant
 14092 | D:11     | Killed a hill giant
 14092 | D:11     | Reached skill level 4 in Armour
 14203 | D:11     | Noticed a hill giant
 14207 | D:11     | Noticed a hill giant
 14207 | D:11     | Killed a hill giant
 14213 | D:11     | Killed a hill giant
 14348 | D:11     | Reached skill level 4 in Poison Magic
 14352 | D:11     | Offered knowledge of Throw Flame by Vehumet.
 15223 | D:12     | Acquired Vehumet's second power
 15223 | D:12     | Reached skill level 11 in Conjurations
 15225 | D:12     | Reached skill level 5 in Armour
 15225 | D:12     | Reached skill level 10 in Spellcasting
 15225 | D:12     | Reached XP level 12. HP: 54/59 MP: 28/30
 15231 | D:12     | Reached skill level 10 in Charms
 15428 | D:12     | Found a large runed door.
 15429 | D:12     | Found a large runed door.
 15589 | D:12     | Reached skill level 5 in Poison Magic
 15650 | D:12     | Noticed a skeletal warrior
 15658 | D:12     | Noticed a skeletal warrior
 15666 | D:12     | Noticed a skeletal warrior
 15666 | D:12     | Killed a skeletal warrior
 15666 | D:12     | Offered knowledge of Sticky Flame by Vehumet.
 15787 | D:11     | Reached skill level 6 in Armour
 15904 | D:10     | Noticed a hill giant
 15916 | D:10     | Killed a hill giant
 16057 | Lair:1   | Entered Level 1 of the Lair of Beasts
 16070 | Lair:1   | Got a crude robe
 16128 | Lair:1   | Identified the cursed -3 robe of the Accordion {rF+ Stlth+} (You found it on level 1 of the Lair of Beasts)
 16234 | Lair:1   | Noticed Gastronok
 16245 | Lair:1   | Killed Gastronok
 16556 | Lair:1   | Acquired Vehumet's third power
 16683 | Lair:1   | Offered knowledge of Inner Flame by Vehumet.
 16739 | Lair:1   | Reached skill level 12 in Conjurations
 17224 | Lair:2   | Reached skill level 11 in Spellcasting
 17278 | Lair:2   | Reached XP level 13. HP: 63/63 MP: 32/32
 17466 | Lair:2   | Reached skill level 11 in Charms
 17714 | Lair:2   | Offered knowledge of Lee's Rapid Deconstruction by Vehumet.
 17721 | Lair:2   | Learned a level 5 spell: Lee's Rapid Deconstruction
 19070 | Lair:3   | Noticed Maud
 19084 | Lair:3   | Killed Maud
 19521 | Lair:4   | Found a staircase to the Snake Pit.
 19661 | Lair:4   | Reached skill level 13 in Conjurations
 19715 | Lair:4   | Found a staircase to the Shoals.
 20626 | Lair:1   | Got a pair of brightly glowing boots
 20637 | Lair:1   | Identified the cursed -1 pair of boots of Anaesthesia {MR+ Str+3 Dex+4} (You found it on level 1 of the Lair of Beasts)
 20836 | Orc:1    | Entered Level 1 of the Orcish Mines
 20842 | Orc:1    | Reached skill level 12 in Spellcasting
 21231 | Orc:2    | Found a radiant altar of Vehumet.
 21603 | Orc:1    | Offered knowledge of Bolt of Fire by Vehumet.
 21614 | Orc:1    | Learned a level 6 spell: Bolt of Fire
 21688 | Orc:1    | Reached skill level 1 in Fire Magic
 21966 | Orc:3    | Found a staircase to the Elven Halls.
 22148 | Orc:3    | Reached skill level 2 in Fire Magic
 22233 | Orc:3    | Noticed Donald
 22246 | Orc:3    | Killed Donald
 22246 | Orc:3    | Reached skill level 3 in Fire Magic
 22246 | Orc:3    | Gained mutation: Your wings are large and strong. [gargoyle growth]
 22246 | Orc:3    | Reached XP level 14. HP: 52/68 MP: 6/34
 22700 | Orc:4    | Entered Level 4 of the Orcish Mines
 22718 | Orc:4    | Found a roughly hewn altar of Beogh.
 22835 | Orc:4    | Offered knowledge of Ignite Poison by Vehumet.
 22843 | Orc:4    | Learned a level 5 spell: Ignite Poison
 22895 | Orc:4    | Found a roughly hewn altar of Beogh.
 22967 | Orc:4    | Reached skill level 4 in Fire Magic
 22975 | Orc:4    | Noticed an orc warlord
 23680 | Lair:5   | Reached skill level 5 in Fire Magic
 24110 | Lair:5   | Reached skill level 6 in Fire Magic
 24881 | Lair:6   | Found a glowing silver altar of Zin.
 24981 | Lair:6   | Noticed Fannar
 24983 | Lair:6   | Killed Fannar
 25305 | Lair:6   | Noticed Rupert
 25311 | Lair:6   | Killed Rupert
 25311 | Lair:6   | Reached skill level 7 in Fire Magic
 25432 | Lair:6   | Found a staircase to the Swamp.
 25636 | Lair:7   | Found a staircase to the Slime Pits.
 25725 | Lair:7   | Reached skill level 13 in Spellcasting
 26031 | Lair:7   | Offered knowledge of Fireball by Vehumet.
 26032 | Lair:7   | Reached skill level 8 in Fire Magic
 26039 | Lair:7   | Learned a level 5 spell: Fireball
 26540 | Lair:8   | Entered Level 8 of the Lair of Beasts
 26684 | Lair:8   | Reached skill level 9 in Fire Magic
 27218 | Lair:8   | Reached XP level 15. HP: 56/72 MP: 22/35
 27221 | Lair:8   | Reached skill level 10 in Fire Magic
 27693 | Lair:8   | Offered knowledge of Conjure Ball Lightning by Vehumet.
 27907 | Lair:8   | Got a warped jade ring
 27974 | Lair:8   | Identified the ring of Arrival {MR+ AC+3 Str+3} (You found it on level 8 of the Lair of Beasts)
 28561 | D:8      | Learned a level 2 spell: Repel Missiles
 28740 | Orc:4    | Killed an orc warlord
 28740 | Orc:4    | Reached skill level 11 in Fire Magic
 28942 | Orc:4    | Found a roughly hewn altar of Beogh.
 28942 | Orc:4    | Found Urphiam's Antique Weapon Shop.
 28946 | Orc:4    | Reached skill level 14 in Conjurations
 28947 | Orc:4    | Found Skauhe Seigh's Antique Armour Boutique.
 28967 | Orc:4    | Bought a pair of glowing gloves for 108 gold pieces
 29081 | Orc:4    | Found a roughly hewn altar of Beogh.
 29099 | Orc:4    | Found Atzoforo's Distillery.
 29104 | Orc:4    | Bought a potion of haste for 110 gold pieces
 29175 | Orc:4    | Found a roughly hewn altar of Beogh.
 29369 | Orc:4    | Found a roughly hewn altar of Beogh.
 29403 | Orc:4    | Found Maim's Book Boutique.
 29703 | D:12     | Noticed a deep troll earth mage
 29705 | D:12     | Killed a deep troll earth mage
 29707 | D:12     | Noticed an ettin
 29708 | D:12     | Killed an ettin
 29752 | D:12     | Found a stormy altar of Qazlal.
 29761 | D:12     | Found a deep blue altar of Sif Muna.
 29770 | D:12     | Noticed a skeletal warrior
 29779 | D:12     | Killed a skeletal warrior
 29838 | D:12     | Killed a skeletal warrior
 29887 | D:12     | Killed a skeletal warrior
 30180 | D:13     | Got a coiled silver amulet
 30195 | D:13     | Identified the amulet of Oenomania {rCorr rF++ MR+ Str-5 Dex+2} (You found it on level 13 of the Dungeon)
 30393 | D:13     | Offered knowledge of Spellforged Servitor by Vehumet.
 30531 | D:13     | Noticed Harold
 30535 | D:13     | Killed Harold
 31104 | D:14     | Found a gate to the Vaults.
 31108 | D:14     | Reached skill level 12 in Fire Magic
 31113 | D:14     | Reached skill level 14 in Spellcasting
 31384 | D:14     | Found a shimmering altar of Xom.
 31666 | D:15     | Entered Level 15 of the Dungeon
 31800 | D:15     | Reached XP level 16. HP: 68/76 MP: 37/37
 31915 | D:15     | Found a staircase to the Depths.
 31915 | D:15     | Noticed a fire giant
 31921 | D:15     | Killed a fire giant
 32348 | D:15     | Reached skill level 13 in Fire Magic
 32350 | D:15     | Offered knowledge of Poison Arrow by Vehumet.
 33093 | Shoals:1 | Entered Level 1 of the Shoals
 33461 | Shoals:1 | Reached skill level 15 in Conjurations
 34155 | D:8      | Learned a level 7 spell: Ring of Flames
 34306 | Shoals:2 | Noticed Wiglaf
 34315 | Shoals:2 | Killed Wiglaf
 34710 | Shoals:2 | Reached skill level 14 in Fire Magic
 34966 | Shoals:2 | HP: 2/76 [alligator snapping turtle (18)]
 36138 | Shoals:3 | Reached XP level 17. HP: 75/80 MP: 29/38
 36338 | Shoals:3 | Reached skill level 15 in Spellcasting
 36361 | Shoals:3 | Noticed Aizul
 36369 | Shoals:3 | Killed Aizul
 36650 | Shoals:3 | Offered knowledge of Lehudib's Crystal Spear by Vehumet.
 36650 | Shoals:3 | Offered knowledge of Fire Storm by Vehumet.
 36650 | Shoals:3 | Offered knowledge of Tornado by Vehumet.
 36975 | Shoals:3 | Found Skiv's Food Shop.
 37326 | Shoals:4 | Reached skill level 15 in Fire Magic
 37327 | Shoals:4 | Noticed Kirke
 37624 | Shoals:4 | Killed Kirke
 38511 | Shoals:4 | Reached skill level 16 in Conjurations
 38616 | Snake:1  | Entered Level 1 of the Snake Pit
 39779 | Snake:2  | Reached skill level 16 in Fire Magic
 40190 | Snake:2  | Reached XP level 18. HP: 85/85 MP: 22/39
 41616 | Snake:3  | Found an opulent altar of Gozag.
 41965 | Snake:3  | Reached skill level 16 in Spellcasting
 42620 | Snake:4  | Reached skill level 17 in Fire Magic
 42755 | Snake:4  | Noticed Nikola
 42755 | Snake:4  | Noticed Vashnia
 42759 | Snake:4  | Noticed Mara
 42762 | Snake:4  | Killed Nikola
 42762 | Snake:4  | Reached skill level 17 in Conjurations
 42765 | Snake:4  | Noticed motorbit's illusion
 42771 | Snake:4  | Killed Mara
 42836 | Snake:4  | Found a frozen archway.
 42867 | Snake:4  | Slain by a naga warrior

Vanquished Creatures
  Mara (Snake:4)
  Nikola (Snake:4)
  A kraken (Shoals:4)
  Rupert (Lair:6)
  Kirke (Shoals:4)
  A fire giant (D:15)
  Donald (Orc:3)
  Wiglaf (Shoals:2)
  4 greater nagas (Snake:3)
  Maud (Lair:3)
  Aizul (Shoals:3)
  Gastronok (Lair:1)
  An orc warlord (Orc:4)
  An ettin (D:12)
  4 vault guards (D:14)
  6 merfolk impalers
  Fannar (Lair:6)
  Harold (D:13)
  8 naga warriors
  4 hydras
  3 merfolk aquamancers
  5 merfolk avatars
  Erica (D:10)
  2 alligator snapping turtles
  A deep troll earth mage (D:12)
  7 anacondas
  8 death yaks (Lair:8)
  4 tengu warriors
  9 naga sharpshooters
  2 orc high priests
  A catoblepas (D:15)
  8 shock serpents
  4 skeletal warriors (D:12)
  An unseen horror (D:9)
  9 sea snakes
  4 naga ritualists
  4 orc knights
  10 harpies
  8 hill giants
  A hornet (shapeshifter) (D:15)
  4 lindwurms (Lair:8)
  An orc sorcerer (Orc:1)
  6 cyclopes
  A wolf spider (D:12)
  6 ugly things
  7 griffons
  14 manticores
  6 mana vipers
  4 oklob plants (Lair:1)
  5 water nymphs
  6 fauns
  43 black mambas
  9 salamanders
  8 sirens
  9 elephants
  14 spiny frogs
  3 guardian serpents
  9 naga magi
  4 centaur skeletons
  6 komodo dragons
  5 yaktaurs (D:15)
  4 fire drakes
  A wandering mushroom (D:8)
  3 two-headed ogres
  A queen bee (D:10)
  8 trolls
  A freezing wraith (D:12)
  12 polar bears
  25 merfolk
  A raiju (Lair:8)
  A harpy zombie (D:15)
  9 snapping turtles
  A raven (shapeshifter) (D:13)
  4 ravens
  2 basilisks
  4 blink frogs (Lair:5)
  A human (Shoals:4)
  A wyvern (D:14)
  16 water elementals
  2 shadows
  2 wraiths (D:15)
  2 vampire mosquitoes (D:14)
  Eustachio (D:7)
  23 yaks
  9 hippogriffs
  35 wolves
  3 soldier ants
  2 hungry ghosts (D:9)
  Menkaure (D:7)
  9 wargs
  5 swamp worms (Lair:6)
  32 nagas
  4 hell hounds (Lair:8)
  37 orc warriors
  8 sky beasts
  A dwarf (shapeshifter) (D:14)
  5 porcupines
  25 water moccasins
  5 ice beasts
  22 black bears
  3 wasps
  A boggart (D:14)
  2 boring beetles
  A necrophage (D:7)
  12 ogres
  13 crocodiles
  Sigmund (D:3)
  18 centaurs
  3 big kobolds
  16 giant frogs
  A gnoll sergeant (D:9)
  A water moccasin zombie (D:5)
  2 wyvern skeletons
  2 scorpions
  33 killer bees
  9 wights
  9 crimson imps
  A giant frog zombie (D:12)
  5 centaur zombies
  4 electric eels
  22 hounds
  4 goliath beetles
  2 jellies
  28 orc priests
  12 iguanas
  3 giant frog skeletons
  A gnoll shaman (D:9)
  34 orc wizards
  9 worker ants
  17 sheep
  Ijyb (D:3)
  2 mummies
  4 worker ant zombies
  20 adders
  17 gnolls
  34 river rats
  A giant mite (D:4)
  11 white imps (Snake:4)
  5 shadow imps
  3 worms
  2 adder zombies (D:5)
  8 giant geckos
  180 orcs
  25 bats
  2 bat skeletons (D:4)
  8 giant cockroaches
  20 goblins
  21 hobgoblins
  15 jackals
  28 kobolds
  16 quokkas
  2 ball pythons
  A giant gecko skeleton (D:4)
  4 giant newts
  3 giant spores
  A quokka skeleton (D:5)
  A quokka zombie (D:5)
  19 rats
  4 ballistomycetes
  12 fungi
  6 plants
  2 tentacles (Shoals:4)
1378 creatures vanquished.

Vanquished Creatures (others)
  A naga sharpshooter (Snake:4)
  2 humans (Shoals:4)
  An orc wizard (Orc:4)
  A white imp (Snake:4)
  A fungus (D:8)
  8 plants (Lair:8)
  5 tentacles (Shoals:4)
  150 tentacle segments (Shoals:4)
169 creatures vanquished.

Grand Total: 1547 creatures vanquished
